 Dungeon Crawl Stone Soup version 0.30.1-4-g462c640d31 (webtiles) character file.

Game seed: 15430993696357978940

176 kingsuperguy the Slasher (level 5, -1/42 HPs)
             Began as a Demonspawn Berserker on Aug 26, 2023.
             Was a Believer of Trog.
             Slain by an orc priest
             ... wielding a +0 club
              (2 damage)
             ... on level 3 of the Dungeon.
             The game lasted 00:04:05 (2286 turns).

kingsuperguy the Slasher (Demonspawn Berserker)     Turns: 2286, Time: 00:04:07

Health: -1/42      AC:  2    Str: 19    XL:     5   Next: 30%
Magic:  5/5        EV: 13    Int:  9    God:    Trog [**....]
Gold:   73         SH:  0    Dex: 16    Spells: 4/4 levels left

rFire   . . .        a - +0 falchion
rCold   . . .        (no shield)
rNeg    . . .        b - +0 animal skin
rPois   .            (helmet restricted)
rElec   .            (no cloak)
rCorr   .            (no gloves)
SInv    .            (no boots)
Will    ++...        (no amulet)
Stlth   ++++         (no ring)
HPRegen 1.27/turn    (no ring)
MPRegen 0.09/turn

%: no passive effects
@: strong-willed, on berserk cooldown, attractive, regenerating, slowed, very
slow
A: horns 2, thin skeletal structure 2
a: Renounce Religion, Berserk, Trog's Hand


You were on level 3 of the Dungeon.
You worshipped Trog.
Trog was pleased with you.
You visited 1 branch of the dungeon, and saw 4 of its levels.

You collected 73 gold pieces.

Inventory:

Hand Weapons
 a - a +0 falchion (weapon)
Armour
 b - a +0 animal skin (worn)
Jewellery
 l - a ring of protection from cold
Scrolls
 c - 2 scrolls of fog {unknown}
 d - a scroll of torment {unknown}
 g - a scroll of vulnerability {unknown}
 h - a scroll of magic mapping {unknown}
 i - 4 scrolls of identify {unknown}
 j - 2 scrolls of enchant armour {unknown}
 k - a scroll of fear {unknown}
 m - a scroll of teleportation {unknown}
 p - a scroll of enchant weapon {unknown}
 q - a scroll of blinking {unknown}
Potions
 e - a potion of haste {unknown}
 f - a potion of cancellation {unknown}
 n - a potion of attraction
 o - a potion of degeneration {unknown}


   Skills:
 + Level 3.7 Fighting
 + Level 4.3 Long Blades
 + Level 1.9 Armour
 + Level 2.8 Dodging
 + Level 0.8 Stealth


You had 4 spell levels left.
You didn't know any spells.
Your spell library was empty.

Dungeon Overview and Level Annotations

Branches:
Dungeon (4/15)
 Temple: D:4-7

Altars:


Innate Abilities, Weirdness & Mutations

You have a pair of horns on your head.
You have a moderately thin skeletal structure. (Dex +4, Stealth++)


Message History

A red film seems to cover your vision as you go berserk!
You feel yourself moving faster!
You feel mighty!
You feel a strong urge to attack something.
You closely miss the gnoll. The gnoll closely misses you.
You slash the gnoll! You headbutt the gnoll.
The gnoll is severely wounded.
The gnoll barely misses you.
You slash the gnoll!
You kill the gnoll!
Trog accepts your kill.
No target in view!
No target in view!
You feel a strong urge to attack something.
You are no longer berserk.
You are exhausted.
You feel yourself slow down.
The orc priest invokes the aid of Beogh against you.
Beogh smites you!
You hear a shout!
The orc priest hits you with a +0 club. x2
An orc comes into view. It is wielding a +0 club.
You barely miss the orc priest. The orc priest hits you with a +0 club.
The orc priest looks encouraged for a moment.
You closely miss the orc priest. The orc priest misses you.
The orc priest barely misses you.
Your skin crawls.
You feel strong-willed.
The orc priest hits you with a +1 heavy hand axe!
* * * LOW HITPOINT WARNING * * *
The orc hits you with a +0 club.
* * * LOW HITPOINT WARNING * * *
Okay, then.
It was a potion of attraction.
You feel attractive to monsters.
The orc priest invokes the aid of Beogh against you.
Beogh smites you!
* * * LOW HITPOINT WARNING * * *
The orc barely misses you. The orc priest barely misses you.
The orc priest hits you with a +0 club.
You die...

##....# #..#).#
#.....#
#..##.######.
###..#.........
##....)....#####
##..#.)####..#
##......# #.#
#@.##.>.# .#
#ooo##.#.# #
..#..###.#.#
#..... ..#.#
#....#####.#
#...## #..#
....## #.##
...#..# #.# #.#
#.#


You could see 2 orc priests and an orc.

Vanquished Creatures
  An orc wizard (D:4)
  3 gnolls
  6 adders
  A dart slug (D:1)
  2 ball pythons
  5 endoplasms
  4 giant cockroaches
  8 goblins
  4 hobgoblins
  4 jackals (D:1)
  4 kobolds (D:1)
  4 quokkas
  10 bats
  4 frilled lizards
  5 rats
  A spectral kobold (D:2)
66 creatures vanquished.

Notes
Turn   | Place    | Note
-------+----------+-------------------------------------------
     0 | D:1      | kingsuperguy the Demonspawn Berserker began the quest for
                  | the Orb.
     0 | D:1      | Reached XP level 1. HP: 18/18 MP: 1/1
    94 | D:1      | Gained mutation: You have a pair of small horns on your
                  | head. [demonic ancestry]
    94 | D:1      | Reached XP level 2. HP: 15/24 MP: 2/2
   167 | D:1      | Reached skill level 3 in Long Blades
   361 | D:1      | Gained mutation: You have a pair of horns on your head.
                  | [demonic ancestry]
   361 | D:1      | Reached XP level 3. HP: 22/29 MP: 3/3
   432 | D:1      | Reached ** piety under Trog
   964 | D:2      | Found a faded altar of an unknown god.
  1138 | D:2      | Gained mutation: You have a somewhat thin skeletal
                  | structure. (Dex +2, Stealth+) [demonic ancestry]
  1138 | D:2      | Reached XP level 4. HP: 35/35 MP: 4/4
  1742 | D:4      | Reached *** piety under Trog
  1743 | D:4      | Reached skill level 4 in Long Blades
  1743 | D:4      | Gained mutation: You have a moderately thin skeletal
                  | structure. (Dex +4, Stealth++) [demonic ancestry]
  1743 | D:4      | Reached XP level 5. HP: 29/42 MP: 5/5
  2286 | D:3      | HP: 1/42 [orc priest/divine providence (9)]
  2286 | D:3      | Slain by an orc priest

Illustrated notes

Levels and vault maps discovered:
D:1:      psy_arrival_dodecagon, layout_loops_ring
D:2:      layout_loops_ring, dreamdust_ecumenical_altar_drowned_temple
D:3:      layout_rooms, trog_antimagical, biasface_ghost_orc_armoury
D:4:      layout_loops_ring, nicolae_ashenzari_skybound,
          gammafunk_ghost_stat_death, minmay_goblin_outpost

Skill      XL: |  1  2  3  4 |
---------------+-------------+-----
Dodging        | 2 |  2.8
Long Blades    | 3 4 |  4.3
Fighting       | |  3.7
Armour         | |  1.9
Stealth        | |  0.8

Action                     |  1- 3 |  4- 6 || total
---------------------------+-------+-------++-------
  Melee: Falchion          |   126 |    70 ||   196
         Headbutt          |    23 |    10 ||    33
 Invoke: Berserk           |       |     2 ||     2
         Trog's Hand       |       |     1 ||     1
    Use: Potion            |       |     1 ||     1
   Stab: Sleeping          |     1 |     1 ||     2
 Armour: Animal skin       |    37 |     7 ||    44
  Dodge: Dodged            |   102 |    63 ||   165
